 Dungeon Crawl Stone Soup version 0.21-a0-39-g28ea6b7 (webtiles) character file.

599 KristoblXynda the Chopper (level 7, -3/59 HPs)
             Began as a Pale Draconian Monk on June 1, 2017.
             Slain by a phantom (9 damage)
             ... on level 4 of the Dungeon.
             The game lasted 00:05:14 (2915 turns).

KristoblXynda the Chopper (Pale Draconian Monk)     Turns: 2915, Time: 00:05:15

Health: -3/59      AC:  7    Str: 15    XL:     7   Next: 17%
Magic:  7/7        EV: 14    Int: 11    God:
Gold:   151        SH:  0    Dex: 13    Spells: 6/6 levels left

rFire    . . .     SeeInvis .   m - +0 war axe (curse)
rCold    . . .     Gourm    .   (no shield)
rNeg     . . .     Faith    .   (armour unavailable)
rPois    .         Spirit   .   (helmet restricted)
rElec    .         Reflect  .   (no cloak)
rCorr    .         Harm     .   (no gloves)
MR       .....                  d - +0 pair of boots
Stlth    +.........             (no amulet)
Regen    0.2/turn               k - ring of loudness (curse)
MPRegen  0.1/turn               (no ring)

@: lethally poisoned (-3 -> -4)
A: breathe steam, unfitting armour, cold-blooded, AC +6
a: Breathe Steam


You were on level 4 of the Dungeon.
You were not hungry.

You visited 1 branch of the dungeon, and saw 4 of its levels.

You collected 151 gold pieces.

Inventory:

Hand Weapons
 m - a cursed +0 war axe (weapon)
Armour
 d - a +0 pair of boots (worn)
Jewellery
 k - a cursed ring of loudness (left hand)
Wands
 g - a wand of scattershot (5/9)
Scrolls
 f - a scroll of immolation
 l - 2 scrolls of identify
 n - 2 scrolls of amnesia
 o - a scroll of remove curse {unknown}
Potions
 e - a potion of magic
Books
 h - a book of Minor Magic

   Spells                             Type                      Level
   a - Magic Dart                     Conjuration                  1
   b - Blink                          Translocation                2
   c - Call Imp                       Summoning                    2
   d - Slow                           Hexes                        2
   e - Conjure Flame                  Conjuration/Fire             3
   f - Mephitic Cloud                 Conjuration/Poison/Air       3
Comestibles
 a - 2 fruits
 b - a bread ration
 i - a royal jelly
 j - a meat ration


   Skills:
 - Level 4.1 Fighting
 * Level 6.1 Axes
 + Level 4.4 Dodging
 - Level 3.4 Stealth


You had 6 spell levels left.
You didn't know any spells.

Dungeon Overview and Level Annotations

Branches:
Dungeon (4/15)
 Temple: D:4-7

Altars:


Innate Abilities, Weirdness & Mutations

You can breathe blasts of scalding, opaque steam.
Your pale cyan-grey scales are hard. (AC +6)
You cannot fit into any form of body armour.
You are cold-blooded and may be slowed by cold attacks.


Message History

The phantom hits you but does no damage.
You barely miss the phantom. You tail-slap the phantom.
The phantom is lightly damaged.
The phantom closely misses you.
You slash the phantom!
You tail-slap the phantom, but do no damage.
The phantom is heavily damaged.
You feel sick. The phantom misses you.
You miss the phantom.
You tail-slap the phantom, but do no damage.
The phantom is heavily damaged.
The phantom completely misses you. The phantom barely misses you.
You hit the phantom.
Your tail-slap misses the phantom.
The phantom is heavily damaged.
The phantom hits you.
* * * LOW HITPOINT WARNING * * *
You slash the phantom!
The phantom is almost destroyed.
You feel sick. The phantom hits you!
You die...

###############
.........$....############
..........................
.$.........##.####......##
......###.###.# #......##
##'.. #W# #.# #........
..#W #@# #.# #........ r #
#†# #.# #........ ... #.#
#........ ##<#.#.#
#######.. #.#<# #.. #.# #
#.. #.. #.. ### #.. ###


You could see a phantom.

Vanquished Creatures
  The ghost of Duffy the Shield-Bearer, an amateur FoFi (D:3)
  A scorpion (D:4)
  3 orc priests (D:4)
  A hound (D:4)
  Ijyb (D:3)
  Natasha (thrice) (D:2)
  3 worker ants (D:4)
  2 adders
  An adder skeleton (D:4)
  2 worms
  5 dart slugs
  18 orcs
  A ball python (D:1)
  3 giant cockroaches
  3 hobgoblins
  3 jackals (D:2)
  7 bats
  4 frilled lizards
  6 goblins
  9 kobolds
  9 rats
86 creatures vanquished.

Notes
Turn   | Place    | Note
-------+----------+-------------------------------------------
     0 | D:1      | KristoblXynda the Draconian Monk began the quest for the Orb.
     0 | D:1      | Reached XP level 1. HP: 19/19 MP: 1/1
   290 | D:1      | Reached XP level 2. HP: 25/26 MP: 2/2
   633 | D:2      | Noticed Natasha
   644 | D:2      | Noticed a crimson imp
   646 | D:2      | Killed Natasha
   646 | D:2      | Reached XP level 3. HP: 6/31 MP: 3/3
  1015 | D:2      | Reached skill level 4 in Axes
  1032 | D:2      | Reached XP level 4. HP: 28/38 MP: 4/4
  1224 | D:2      | Noticed Natasha
  1246 | D:2      | Killed Natasha
  1267 | D:2      | Noticed Natasha
  1275 | D:2      | Killed Natasha
  1498 | D:3      | Noticed Duffy's ghost (amateur FoFi)
  1518 | D:3      | Killed Duffy's ghost
  1518 | D:3      | Reached skill level 5 in Axes
  1518 | D:3      | Reached XP level 5. HP: 42/45 MP: 5/5
  1641 | D:3      | Reached XP level 6. HP: 48/51 MP: 6/6
  1910 | D:3      | Noticed Ijyb
  1922 | D:3      | Killed Ijyb
  2631 | D:4      | Your scales start taking on a pale cyan-grey colour.
  2631 | D:4      | Reached XP level 7. HP: 39/59 MP: 7/7
  2848 | D:4      | Reached skill level 6 in Axes
  2915 | D:4      | Slain by a phantom

Vault maps used:
D:1:      dpeg_arrival_water_temple_mockup
D:2:      uniq_natasha
D:3:      uniq_ijyb
D:4:      nicolae_ru_great_annihilating_truth, uniq_grinder

Skill      XL: |  1  2  3  4  5  6  7 |
---------------+----------------------+-----
Stealth        | 2 3 |  3.4
Dodging        | 3 4 |  4.4
Axes           | 4 5 6 |  6.1
Fighting       | 4 |  4.1

Action                   |  1- 3 |  4- 6 |  7- 9 || total
-------------------------+-------+-------+-------++-------
Melee: Hand axe          |    91 |    53 |       ||   144
       Tailslap          |     8 |    15 |     5 ||    28
       Unarmed           |       |     8 |       ||     8
       War axe           |       |    95 |    22 ||   117
  Use: Potion            |     1 |     2 |       ||     3
       Scroll            |       |     6 |       ||     6
 Stab: Sleeping          |     1 |     1 |       ||     2
       Confused          |       |     1 |       ||     1
  Eat: Chunk             |       |     5 |     1 ||     6
       Fruit             |       |     1 |       ||     1
Armor: Skin              |    32 |    39 |    10 ||    81
Dodge: Dodged            |    92 |   116 |    15 ||   223
